AoeStats
← GAX | lee17-han

Arabia

510319015Analyzed
1v1 RM · 3d ago on Sep 30, 2026· 53m 46s· 2 players
Game mode
Random Map
Map size
Tiny (2 player)
Population
200
Speed
Normal
Resources
Standard
Victory
Conquest
Starting age
Dark Age
Ending age
Imperial Age
RankedLock teamsTeams togetherTeam positionsShared explorationLock speedFull tech treeHidden civsTurbo modeCheats
Victory
Defeat
🇧🇷 Britons · Brazil
1641
+15
🇮🇳 Saracens · India
1616
-15
Chaos
7:05 Loom
9:16 Feudal Age
17:23 Double-Bit Axe
18:59 Padded Archer Armor
22:27 Castle Age
20:31 Fletching
23:07 Bodkin Arrow
22:50 Elite Skirmisher
24:06 Leather Archer Armor
25:16 Bloodlines
25:43 Horse Collar
27:35 Bow Saw
29:42 Ballistics
29:31 Scale Barding Armor
30:23 Wheelbarrow
31:58 Forging
34:54 Chain Barding Armor
35:14 Husbandry
38:41 Imperial Age
41:18 Plate Barding Armor
42:53 Masonry
45:19 Bracer
46:52 Ring Archer Armor
GAX | lee17-han
6:01 Loom
8:49 Feudal Age
8:58 Man-at-Arms
12:33 Town Watch
15:02 Double-Bit Axe
16:25 Fletching
22:24 Castle Age
21:14 Padded Archer Armor
21:19 Gold Mining
21:34 Horse Collar
22:32 Elite Skirmisher
22:35 Crossbowman
23:37 Bow Saw
23:54 Bodkin Arrow
28:06 Ballistics
29:54 Scale Barding Armor
33:48 Wheelbarrow
34:05 Chain Barding Armor
34:41 Forging
35:15 Heavy Plow
35:58 Husbandry
39:26 Imperial Age
38:39 Leather Archer Armor
39:17 Iron Casting
39:17 Stone Mining
41:10 Chemistry
39:32 Arbalester
41:16 Bracer
40:42 Pikeman
41:23 Scale Mail Armor
42:23 Blast Furnace
41:37 Treadmill Crane
42:28 Ring Archer Armor
43:00 Squires
44:26 Two-Man Saw
42:52 Halberdier
46:59 Hand Cart
49:07 Yeomen
48:59 Cavalier
51:14 Plate Barding Armor
52:28 Conscription
52:19 Guard Tower
Connection lost

Rejoining the realm…

Still unreachable

The connection could not be restored.

Session expired

The server has moved on; the page needs a fresh start.